 Dungeon Crawl Stone Soup version 0.14-a0-1707-g75daffb (webtiles) character file.

246 HollowCharge the Poker (level 5, -6/41 HPs)
             Began as a Djinni Gladiator on Dec 31, 2013.
             Mangled by Crazy Yiuf
             ... wielding a +4,+2 quarterstaff of chaos
              (9 damage)
             ... on Level 3 of the Dungeon.
             The game lasted 00:11:39 (2285 turns).

HollowCharge the Poker (Djinni Gladiator)           Turns: 2285, Time: 00:11:39

HP  -6/41        AC  6     Str 16      XL: 5   Next:  8%
MP   0/0         EV 12     Int  8      God:
Gold 99          SH  0     Dex 14      Spells:  0 memorised,  4 levels left

rFire  + + +     SeeInvis +     a - +0 trident
rCold  x . .     Clarity  .     j - +2 leather armour
rNeg   + + +     Conserve .     (no shield)
rPois  .         rCorr    .     c - +0 helmet
rElec  .         rRot     .     (no cloak)
SustAb . .       Spirit   .     (no gloves)
rMut   .         Warding  .     (boots unavailable)
Saprov . . .     Stasis   .     (no amulet)
                                (no ring)
                                r - cursed ring of see invisible

@: flying, mildly poisoned, slightly resistant to hostile enchantments,
unstealthy
A: fire immunity, cold vulnerability, life protection 3
a: no special abilities


You were on level 3 of the Dungeon.
You were not hungry.

You visited 1 branch of the dungeon, and saw 3 of its levels.

You collected 99 gold pieces.

Inventory:

Hand weapons
 a - a +0,+0 trident (weapon)
Missiles
 d - 3 throwing nets (quivered)
Armour
 c - a +0 helmet (worn)
 h - a +2 chain mail
 j - a +2 leather armour (worn)
Magical devices
 s - a wand of draining (2)
Scrolls
 b - a scroll of random uselessness {unknown}
 e - a scroll of amnesia {unknown}
 l - 2 scrolls of remove curse {unknown}
 m - a scroll of fear {unknown}
 n - a scroll of recharging {unknown}
 o - a scroll of enchant armour {unknown}
 q - a scroll of fog {unknown}
Jewellery
 r - a cursed ring of see invisible (left hand)
Potions
 f - 2 potions of restore abilities {unknown}
 g - a potion of lignification {unknown}
 i - 3 potions of heal wounds {unknown}
 k - a potion of curing {unknown}
 p - a potion of might


   Skills:
 * Level 2.9 Fighting
 * Level 3.8 Polearms
 - Level 1.7 Throwing
 + Level 2.3 Armour
 * Level 3.5 Dodging


You had 4 spell levels left.
You didn't know any spells.

Dungeon Overview and Level Annotations

Branches:
Dungeon (3/16)

Altars:

Annotations:
D:3 Crazy Yiuf


Innate Abilities, Weirdness & Mutations

You are immune to all types of fire, even holy and hellish.
You are vulnerable to cold.
You need no food.
You have no legs.
You are immune to negative energy.


Message History

You closely miss Crazy Yiuf.
Crazy Yiuf is severely wounded.
Crazy Yiuf misses you.
You hit Crazy Yiuf.
Crazy Yiuf is almost dead.
Crazy Yiuf hits you with a quarterstaff of chaos.
Crazy Yiuf freezes you.
* * * LOW HITPOINT WARNING * * *
You hit Crazy Yiuf but do no damage.
Crazy Yiuf is almost dead.
Crazy Yiuf hits you with a quarterstaff of chaos!
* * * LOW HITPOINT WARNING * * *
You completely miss Crazy Yiuf.
Crazy Yiuf is almost dead.
* * * LOW HITPOINT WARNING * * *
You feel sick. Crazy Yiuf hits you but does no damage.
You closely miss Crazy Yiuf.
Crazy Yiuf is almost dead.
Crazy Yiuf hits you with a quarterstaff of chaos!
You die...

###..####..##....#..
♣♣ff.f♣♣#..##....#..
♣♣♣f..♣♣#..##....##.
♣♣♣♣.♣♣♣#..##....##.
♣♣♣♣.♣♣#..##....##.
♣♣♣.♣♣♣#..####..##.
♣♣♣.♣♣♣#...........
♣♣.♣♣♣ #.<####.####
##@##♣ #### #.#
#.g.# #.# #...# #.#
#)..# #.# ##### #%#
#######%####
#########...........
#........######.####
####................


You could see Crazy Yiuf.

Vanquished Creatures
  Ijyb (D:3)
  8 adders
  4 giant geckos
  An ooze (D:3)
  6 bats
  2 giant cockroaches (D:2)
  10 hobgoblins
  6 jackals
  A quokka (D:3)
  A ball python (D:2)
  3 giant newts
  6 goblins
  7 kobolds
  8 rats
64 creatures vanquished.

Notes
Turn   | Place    | Note
--------------------------------------------------------------
     0 | D:1      | HollowCharge, the Djinni Gladiator, began the quest for the Orb.
     0 | D:1      | Reached XP level 1. HP: 15/15 MP: 0/0
    48 | D:1      | Reached XP level 2. EP: 18/21
   372 | D:1      | Reached skill level 1 in Armour
   767 | D:2      | Reached XP level 3. EP: 27/27
  1605 | D:2      | Reached XP level 4. EP: 30/34
  2039 | D:3      | Noticed Ijyb
  2063 | D:3      | Killed Ijyb
  2115 | D:3      | Reached XP level 5. EP: 41/41
  2272 | D:3      | Noticed Crazy Yiuf
  2284 | D:3      | HP: 2/41 [poisoned by Crazy Yiuf]
  2285 | D:3      | Mangled by Crazy Yiuf

Action                   |  1- 3 |  4- 6 || total
-------------------------+-------+-------++-------
Melee: Trident           |   142 |   102 ||   244
  Use: Scroll            |     2 |       ||     2
